 Dungeon Crawl Stone Soup version 0.31.0-11-ge490571c62 (webtiles) character file.

Game seed: 6003227958136812367

8 Gadfly the Trooper (level 2, 24/24 HPs)
             Began as a Demonspawn Monk on Feb 1, 2024.
             Quit the game on level 1 of the Dungeon.
             The game lasted 00:00:26 (123 turns).

Gadfly the Trooper (Demonspawn Monk)                 Turns: 123, Time: 00:00:26

Health: 24/24      AC:  2    Str: 11    XL:     2   Next: 0%
Magic:  2/2        EV: 13    Int: 10    God:
Gold:   24         SH:  0    Dex: 15    Spells: 1/1 levels left

rFire   . .          .
                       - Unarmed
rCold   . . .        c - orb {light}
rNeg    . . .        a - +0 robe
rPois   .            (no helmet)
rElec   .            (no cloak)
rCorr   .            (no gloves)
SInv    .            (no boots)
Will    .....        (no amulet)
Stlth   +            (no ring)
HPRegen 0.24/turn    (no ring)
MPRegen 0.08/turn

%: no passive effects
@: glowing
A: demonic magic 1
a: no special abilities


You were on level 1 of the Dungeon.
You visited 1 branch of the dungeon, and saw 1 of its levels.

You collected 24 gold pieces.

Inventory:

Armour
 a - a +0 robe (worn)
 c - an orb of light (worn)
Scrolls
 e - a scroll of butterflies {unknown}
 f - a scroll of poison {unknown}
 g - a scroll of revelation {unknown}
Potions
 b - a potion of ambrosia
 d - a potion of curing {unknown}


   Skills:
 - Level 3.0 Fighting
 + Level 2.7 Dodging
 * Level 2.8 Unarmed Combat
 * Level 0.7 Evocations
 * Level 0.4 Shapeshifting


You had one spell level left.
You didn't know any spells.
Your spell library was empty.

Dungeon Overview and Level Annotations

Branches:
Dungeon (1/15)

Altars:

Shops:
D:1 [


Innate Abilities, Weirdness & Mutations

Spells you cast may paralyse adjacent enemies.


Message History

No target in view!
No target in view!
No target in view!
No target in view!
No target in view!
No target in view!
HP restored.
You see here a +0 dagger.
g - a scroll labelled XOTHRA OTEWK
Found a robe.
No target in view!
No target in view!
A ball python comes into view.
Found 7 gold pieces and a scroll labelled PEOCOF GUEPANI.
Found a faded altar of an unknown god.
You see here 2 gold pieces.
A ball python is nearby!
A ball python is nearby!
A kobold comes into view. It is wielding a +0 club.
The kobold shouts!
The kobold moves out of view.
You barely miss the ball python. The ball python closely misses you.
The ball python barely misses you.
The kobold throws a stone.
The stone closely misses you.
You hit the ball python.
You kill the ball python!
A frilled lizard and a jackal come into view.
The jackal barks!
You hear a loud squeak.
A jackal comes into view. x2; A rat comes into view.
A kobold comes into view. It is wielding a +0 short sword.
The kobold shouts!
The jackal barks! x2
A jackal comes into view.
The kobold closely misses you.
The jackal barks!
You hit the kobold.
You kill the kobold!
You have reached level 2!
Your demonic ancestry asserts itself...
A menacing aura infuses your magic.
Are you sure you want to abandon this character and quit the game? (Confirm with "yes".)

#######.##............$.
........####............
........####............
...............#.......
...............$......##
........#..#.......##...
.......................#
...............†...####
........#...###.@.[#
...... .......h..)....#
## .. .^^.........##..#
....# ._.rhh.....l. ..
♣♣.. .......###... . ..♣
..K..... ..... ..♣
h.####. ..... .P♣ .. ..
....


PP♣ You could see 4 jackals, a kobold, a frilled lizard and a rat.

Vanquished Creatures
  3 ball pythons (D:1)
  2 endoplasms (D:1)
  A frilled lizard (D:1)
  2 kobolds (D:1)
8 creatures vanquished.

Notes
Turn   | Place    | Note
-------+----------+-------------------------------------------
     0 | D:1      | Gadfly the Demonspawn Monk began the quest for the Orb.
     0 | D:1      | Reached XP level 1. HP: 18/18 MP: 1/1
     7 | D:1      | Found Qidaymm's Antique Armour Shop.
   115 | D:1      | Found a faded altar of an unknown god.
   123 | D:1      | Gained mutation: Spells you cast may paralyse adjacent
                  | enemies. [demonic ancestry]
   123 | D:1      | Reached XP level 2. HP: 24/24 MP: 2/2
   123 | D:1      | Quit the game

Illustrated notes

Levels and vault maps discovered:
D:1:      scummos_arrival_checkerplants, layout_rooms,
          ebering_ecumenical_altar_webs, serial_shops, nicolae_shop_waterfront

Action                     || total
---------------------------++-------
  Melee: Unarmed           ||    16
 Armour: Robe              ||     9
  Dodge: Dodged            ||     8
